 Dungeon Crawl Stone Soup version 0.30-a0-1018-g25214051b3 (webtiles) character file.

Game seed: 14902030311335226034

7800 pokeman the Thaumaturge (level 11, -5/61 HPs)
             Began as a Deep Elf Hedge Wizard on Apr 7, 2023.
             Was a Believer of Vehumet.
             Slain by a vampire mosquito (9 damage)
             ... on level 10 of the Dungeon.
             The game lasted 00:30:31 (12127 turns).

pokeman the Thaumaturge (Deep Elf Hedge Wizard)    Turns: 12127, Time: 00:30:32

Health: -5/61      AC:  3    Str:  7    XL:     11   Next: 1%
Magic:  19/40      EV: 13    Int: 30    God:    Vehumet [**....]
Gold:   973        SH:  0    Dex: 14    Spells: 21/38 levels left

rFire   . . .      SeeInvis .    M - +1 sling (flame)
rCold   . . .      Faith    .    (no shield)
rNeg    . . .      Spirit   .    b - +0 robe
rPois   .          Reflect  .    c - +0 hat
rElec   .          Rampage  .    p - +0 cloak
rCorr   .                        (no gloves)
Will    +....                    (no boots)
Stlth   ++                       (no amulet)
HPRegen 0.30/turn                A - +6 ring of intelligence
MPRegen 0.27/turn                H - ring of magical power

@: no status effects
A: no striking features
a: Renounce Religion


You were on level 10 of the Dungeon.
You worshipped Vehumet.
Vehumet was pleased with you.
You visited 2 branches of the dungeon, and saw 11 of its levels.

You collected 973 gold pieces.

Inventory:

Hand Weapons
 M - a +1 sling of flaming (weapon)
Missiles
 E - a curare-tipped dart
 L - a throwing net
Armour
 b - a +0 robe (worn)
 c - a +0 hat (worn)
 p - a +0 cloak (worn)
 P - +0 swamp dragon scales
Jewellery
 n - a +6 ring of strength
 x - a +6 ring of intelligence
 A - a +6 ring of intelligence (left hand)
 D - a ring of positive energy
 G - a ring of resist corrosion
 H - a ring of magical power (right hand)
 N - a ring of see invisible
Wands
 s - a wand of flame (16)
 u - a wand of charming (14)
 w - a wand of acid (9)
 R - a wand of roots (3)
Scrolls
 a - 2 scrolls of blinking {unknown}
 e - 15 scrolls of identify {unknown}
 h - 2 scrolls of poison {unknown}
 i - 3 scrolls of amnesia {unknown}
 k - 3 scrolls of noise {unknown}
 o - a scroll of torment {unknown}
 q - 9 scrolls of teleportation {unknown}
 v - 2 scrolls of summoning {unknown}
 y - a scroll of vulnerability {unknown}
 z - a scroll of magic mapping {unknown}
 C - a scroll of enchant armour {unknown}
 F - 2 scrolls of fog {unknown}
 I - 2 scrolls of enchant weapon {unknown}
 K - a scroll of fear {unknown}
Potions
 d - a potion of magic
 f - 3 potions of mutation {unknown}
 g - 2 potions of resistance {unknown}
 j - 2 potions of haste {unknown}
 l - a potion of flight {unknown}
 m - 2 potions of curing {unknown}
 r - 2 potions of heal wounds {unknown}
 t - 2 potions of lignification {unknown}
 B - a potion of invisibility {unknown}
 J - a potion of degeneration {unknown}
 O - a potion of brilliance {unknown}
 Q - a potion of attraction {unknown}
 S - 6 potions of ambrosia


   Skills:
 - Level 4.0 Fighting
 + Level 4.2 Armour
 - Level 3.0 Dodging
 - Level 3.1 Stealth
 * Level 14.4 Spellcasting
 + Level 8.4 Conjurations
 - Level 6.0 Summonings
 - Level 1.1 Translocations
 + Level 4.6 Fire Magic
 - Level 1.2 Air Magic
 - Level 1.4 Poison Magic
 - Level 1.0 Evocations


You had 21 spell levels left.
You knew the following spells:

 Your Spells              Type           Power      Damage    Failure   Level
a - Magic Dart            Conj           100%       1d8       1%          1
b - Mephitic Cloud        Conj/Pois/Air  43%        N/A       1%          3
c - Call Imp              Summ           100%       N/A       1%          2
d - Blink                 Tloc           56%        N/A       2%          2
e - Starburst             Conj/Fire      28%        6d9       24%         6
f - Call Canine Familiar  Summ           55%        N/A       1%          3

Your spell library contained the following spells:

 Spells                   Type           Power      Damage    Failure   Level
 Kiss of Death            Conj/Necr      100%       2d13      1%          1
 Summon Small Mammal      Summ           100%       N/A       1%          1
 Dazzling Flash           Conj/Hex       92%        N/A       1%          3
 Summon Guardian Golem    Hex/Summ       39%        N/A       1%          3
 Volatile Blastmotes      Fire/Tloc      78%        2d16      1%          3
 Slow                     Hex            84%        N/A       2%          1
 Cigotuvi's Dreadful Rot  Necr/Pois/Air  54%        N/A       2%          2
 Ensorcelled Hibernation  Hex/Ice        42%        N/A       3%          2
 Iskenderun's Mystic Bla  Conj/Tloc      50%        2d11      3%          4
 Spider Form              Tmut/Pois      26%        N/A       4%          3
 Anguish                  Hex/Necr       10%        N/A       22%         4
 Conjure Ball Lightning   Conj/Air       25%        3x3d7     43%         6
 Discord                  Hex            10%        N/A       100%        8
 Disjunction              Tloc           14%        N/A       100%        8


Dungeon Overview and Level Annotations

Branches:
Dungeon (10/15)            Temple (1/1) D:6             Orc (0/2) D:9
   Lair: D:8-11

Altars:
Cheibriados
Dithmenos
Elyvilon
Fedhas
Gozag
Hepliaklqana
Kikubaaqudgha
Makhleb
Nemelex Xobeh
Okawaru
Qazlal
Ru
Sif Muna
Trog
Uskayaw
Vehumet
Wu Jian
Xom
Yredelemnul
Zin
The Shining One

Shops:
D:8 =   D:9 (

Annotations:
D:8 2 transporters, DeathPants's ghost, novice VSSu


Message History

Confirm with . or Enter, or press ? or * to list all spells.
Aiming: Magic Dart (safe; 1% risk of failure)
Press: ? - help, Shift-Dir - straight line, f - vampire mosquito
Aim: a vampire mosquito (ally target, 100% to hit)
The magic dart hits the vampire mosquito.
The vampire mosquito is lightly damaged.
The vampire mosquito barely misses you.
Your wolf misses the vampire mosquito. The vampire mosquito bites you.
* * * LOW HITPOINT WARNING * * *
The vampire mosquito draws strength from your injuries!
Your wolf bites the vampire mosquito.
Casting: Magic Dart (safe; 1% risk of failure)
Confirm with . or Enter, or press ? or * to list all spells.
Aiming: Magic Dart (safe; 1% risk of failure)
Press: ? - help, Shift-Dir - straight line, f/p - vampire mosquito
Aim: a vampire mosquito (lightly damaged, ally target, 100% to hit)
The magic dart hits the vampire mosquito but does no damage.
The vampire mosquito is lightly damaged.
The vampire mosquito bites you but does no damage.
Your wolf misses the vampire mosquito. The vampire mosquito misses you.
Casting: Magic Dart (safe; 1% risk of failure)
Confirm with . or Enter, or press ? or * to list all spells.
Aiming: Mephitic Cloud (safe; 1% risk of failure)
Press: ? - help, Shift-Dir - straight line, p - vampire mosquito The ball explodes into a vile cloud!
The stinking cloud engulfs the orc priest but does no damage.
The stinking cloud engulfs the orc but does no damage.
You hear an angry buzzing noise.
You hear a bellow! x2
Your wolf barely misses the vampire mosquito.
The vampire mosquito bites you!
* * * LOW HITPOINT WARNING * * *
The vampire mosquito draws strength from your injuries!
Your wolf bites the vampire mosquito.
A killer bee comes into view.
The orc is engulfed in noxious fumes.
The orc appears confused.
An orc comes into view. It is wielding a +0 mace.
The orc priest hits you with a +0 hand axe.
* * * LOW HITPOINT WARNING * * *
The vampire mosquito bites you!
You die...

....................
#..yo.....).# ....... .#.
#.........###......#......
#.#...†....#.#.....#......
#..)......................
##.#.......†#.............
#.....o##.h........###...
#..#.)§o#y.....#.........
## ##..o@#...†...........
#....###.#...........
#...## #.###...##.#..
##..# ####...######. #.##
##..# ###. ### #### #...
##<. ##. ##


You could see a vampire mosquito (ally target), a killer bee, 2 orc priests, 2
orcs and a friendly wolf (summoned).

Vanquished Creatures
  A two-headed ogre (D:8)
  Joseph (D:8)
  Prince Ribbit (D:8)
  Eustachio (D:5)
  5 yaks (D:8)
  A vampire mosquito (D:10)
  2 steam dragons
  2 orc warriors (D:9)
  A black bear (D:6)
  A sky beast (D:6)
  2 ice beasts
  2 ogres
  A wolf (D:8)
  A phantom (D:4)
  3 centaurs
  A kobold brigand (D:6)
  5 bullfrogs
  A wight (D:10)
  10 killer bees
  5 howler monkeys
  An electric eel (D:9)
  4 hounds
  A jelly (D:7)
  2 orc priests (D:9)
  A sleepcap (D:4)
  A gnoll bouda (D:6)
  6 iguanas
  7 orc wizards
  10 gnolls
  8 adders
  3 white imps
  An ufetubus (D:4)
  A worm (D:2)
  A dart slug (D:1)
  21 orcs
  10 ball pythons
  12 endoplasms
  3 giant cockroaches
  8 goblins
  13 hobgoblins
  19 jackals
  14 kobolds
  5 quokkas
  4 bats
  7 frilled lizards
  6 rats
  A spectral orc (D:7)
217 creatures vanquished.

Vanquished Creatures (collateral kills)
  Maggie (D:9)
  A queen bee (D:9)
  A wraith (D:7)
  Grum (D:8)
  2 vampire mosquitoes (D:10)
  2 orc warriors (D:9)
  An ice beast (D:7)
  A wolf (D:8)
  2 centaurs
  2 wights (D:10)
  12 killer bees (D:9)
  A gnoll bouda (D:9)
  An iguana (D:7)
  2 orc wizards (D:9)
  5 gnolls
  3 orcs (D:9)
  2 giant cockroaches
40 creatures vanquished.

Vanquished Creatures (others)
  5 fungi (D:9)
5 creatures vanquished.

Grand Total: 262 creatures vanquished

Notes
Turn   | Place    | Note
-------+----------+-------------------------------------------
     0 | D:1      | pokeman the Deep Elf Hedge Wizard began the quest for the
                  | Orb.
     0 | D:1      | Reached XP level 1. HP: 10/10 MP: 7/7
   185 | D:1      | Reached XP level 2. HP: 15/15 MP: 3/9
   550 | D:1      | Reached skill level 5 in Spellcasting
   622 | D:1      | Reached XP level 3. HP: 18/20 MP: 4/11
   639 | D:1      | Learned a level 3 spell: Mephitic Cloud
   642 | D:1      | Learned a level 2 spell: Call Imp
   645 | D:1      | Learned a level 2 spell: Blink
  1041 | D:1      | Reached skill level 1 in Armour
  1287 | D:1      | Reached skill level 1 in Fighting
  1851 | D:2      | Found a faded altar of an unknown god.
  2128 | D:2      | Reached XP level 4. HP: 25/25 MP: 10/13
  2863 | D:3      | Found an ornate altar of the Wu Jian Council.
  3248 | D:3      | Reached skill level 6 in Spellcasting
  3248 | D:3      | Reached XP level 5. HP: 29/29 MP: 3/15
  3798 | D:4      | Found an iron altar of Okawaru.
  3988 | D:4      | Noticed a phantom
  4030 | D:4      | Killed a phantom
  4031 | D:4      | Reached skill level 1 in Air Magic
  4031 | D:4      | Reached skill level 1 in Poison Magic
  4031 | D:4      | Reached XP level 6. HP: 13/34 MP: 6/17
  4733 | D:5      | Entered Level 5 of the Dungeon
  4787 | D:5      | Reached skill level 7 in Spellcasting
  5136 | D:5      | Found a white marble altar of Elyvilon.
  5169 | D:5      | Reached XP level 7. HP: 37/39 MP: 7/20
  5314 | D:5      | Found a hide-covered altar of Uskayaw.
  5494 | D:5      | Found a sacrificial altar of Ru.
  5940 | D:5      | Noticed Eustachio
  5955 | D:5      | Killed Eustachio
  5956 | D:5      | Reached skill level 8 in Spellcasting
  6395 | D:6      | Found a staircase to the Ecumenical Temple.
  6407 | Temple   | Entered the Ecumenical Temple
  6787 | D:6      | Reached XP level 8. HP: 38/44 MP: 17/22
  6831 | D:6      | Reached skill level 9 in Spellcasting
  7516 | D:7      | Reached skill level 5 in Conjurations
  7544 | D:7      | Found a blossoming altar of Fedhas.
  7723 | D:7      | Reached skill level 10 in Spellcasting
  8325 | D:7      | Found a basalt altar of Yredelemnul.
  8399 | D:7      | Reached XP level 9. HP: 41/48 MP: 25/25
  8513 | D:8      | Noticed a two-headed ogre
  8520 | D:8      | Noticed Prince Ribbit
  8540 | D:8      | Reached skill level 5 in Summonings
  8546 | D:8      | Killed Prince Ribbit
  8552 | D:8      | Reached skill level 11 in Spellcasting
  8554 | D:8      | Found a transporter.
  8556 | D:8      | Found a transporter.
  8556 | D:8      | Noticed DeathPants's ghost (novice VSSu)
  8659 | D:8      | Noticed Grum
  8691 | D:8      | Reached skill level 12 in Spellcasting
  8862 | D:7      | Learned a level 6 spell: Starburst
  8866 | D:7      | Learned a level 3 spell: Call Canine Familiar
  8898 | D:8      | Killed Grum
  8909 | D:8      | Reached skill level 1 in Fire Magic
  8909 | D:8      | Reached skill level 1 in Evocations
  9008 | D:8      | Killed a two-headed ogre
  9009 | D:8      | Reached XP level 10. HP: 44/56 MP: 25/28
  9105 | D:8      | Noticed Joseph
  9193 | D:8      | Killed Joseph
  9374 | D:8      | Reached skill level 13 in Spellcasting
  9432 | D:8      | Found Beypp's Jewellery Shoppe.
  9766 | D:9      | Noticed Maggie
 10105 | D:9      | Found a radiant altar of Vehumet.
 10115 | D:9      | Became a worshipper of Vehumet
 10454 | D:9      | Killed Maggie
 10723 | D:9      | Found a staircase to the Orcish Mines.
 10937 | D:9      | Found a shimmering altar of Xom.
 11039 | D:9      | Found Gulet's Antique Weapon Boutique.
 11158 | D:9      | Reached * piety under Vehumet
 11158 | D:9      | Offered knowledge of Sandblast by Vehumet.
 11431 | D:9      | Reached skill level 14 in Spellcasting
 11793 | D:10     | Entered Level 10 of the Dungeon
 11803 | D:10     | Noticed a two-headed ogre
 11891 | D:10     | Reached ** piety under Vehumet
 11922 | D:10     | Offered knowledge of Kiss of Death by Vehumet.
 12125 | D:10     | Reached XP level 11. HP: 22/61 MP: 23/31
 12127 | D:10     | Slain by a vampire mosquito

Illustrated notes

Levels and vault maps discovered:
D:1:      eino_arrival_tree_alley, layout_loops_ring
D:2:      layout_basic, chequers_ecumenical_altar_twisty, hangedman_decor_points
D:3:      minmay_inner_zag, layout_basic, amcnicky_altar_gilded, minmay_circle_x
D:4:      layout_loops_ring, okawaru_trees_2
D:5:      layout_loops_ring, lemuel_crystal_altar,
          nicolae_ru_great_annihilating_truth, mainiacjoe_overflow_boulevard,
          uniq_eustachio
D:6:      layout_cave_pools, minmay_temple_entry_wispy
D:7:      layout_cave_pools, yredelemnul_forgotten_temple_becter,
          mainiacjoe_overflow_alcove_2, kennysheep_generic_room_3
D:8:      layout_basic, gammafunk_ghost_hive, serial_shops, nicolae_shop_trees,
          uniq_prince_ribbit1, uniq_grum, uniq_joseph
D:9:      minmay_goldmine, layout_basic, general_overflow_altar,
          vehumet_altar_wand_db, orc_david_3, special_room [special_room_bee],
          fungi_pond_lemuel, nicolae_stop_n_shop_1, uniq_maggie
D:10:     layout_cave_pools, ashenzari_conservatory_becter, lair_entry_dummy,
          serial_shops, shop, minmay_variable_closet, st_stairs_9,
          minmay_misc_feat_more_columns, uniq_amaemon
Temple:   minmay_temple_forest_path

Skill      XL: |  1  2  3  4  5  6  7  8  9 10 |
---------------+-------------------------------+-----
Spellcasting   | 5 6 7 8 10 12 14 | 14.4
Armour         | 1 3 4 |  4.2
Fighting       | 1 2 3 4 |  4.0
Conjurations   | 2 3 4 5 7 8 |  8.4
Dodging        | 3 |  3.0
Stealth        | 3 |  3.1
Air Magic      | 1 |  1.2
Poison Magic   | 1 |  1.4
Summonings     | 2 3 4 6 |  6.0
Fire Magic     | 2 4 |  4.6
Evocations     | 1 |  1.0
Translocations | |  1.1

Action                     |  1- 3 |  4- 6 |  7- 9 | 10-12 || total
---------------------------+-------+-------+-------+-------++-------
  Melee: Dagger            |    32 |    44 |    33 |       ||   109
   Fire: Sling             |       |       |   105 |   117 ||   222
   Cast: Magic Dart        |   133 |   167 |   205 |    91 ||   596
         Call Imp          |       |     6 |     5 |       ||    11
         Mephitic Cloud    |       |     5 |    27 |    22 ||    54
         Call Canine Famil |       |       |     3 |    17 ||    20
         Blink             |       |       |     3 |     3 ||     6
  Evoke: Wand              |       |       |       |     3 ||     3
   Stab: Confused          |       |     5 |     6 |       ||    11
         Distracted        |       |     1 |       |       ||     1
         Sleeping          |       |     1 |       |       ||     1
 Armour: Robe              |     9 |    11 |     8 |    12 ||    40
  Dodge: Dodged            |    38 |    28 |    94 |    83 ||   243

Table legend: (Time is in decaauts)
 A = Elapsed time spent in this place.
 B = Non-inter-level travel time spent in this place.
 C = Inter-level travel time spent in this place.
 D = Time resting spent in this place.
 E = Time spent auto-exploring this place.
 F = Levels seen in this place.
 G = Mean time per level.
                   A        B        C        D        E       F      G
               +--------+--------+--------+--------+--------+-----+--------+
         Total |  12199 |  11761 |    438 |    170 |   9693 |  11 | 1109.0 |
       Dungeon |  11829 |  11428 |    401 |    170 |   9373 |  10 | 1182.9 |
        Temple |    369 |    332 |     37 |      0 |    320 |   1 |  369.0 |
               +--------+--------+--------+--------+--------+-----+--------+

Top non-repeatable levels by time:
     D:9: 2174 daAuts
     D:1: 1662 daAuts
     D:5: 1308 daAuts
     D:7: 1190 daAuts
     D:4: 1102 daAuts
     D:6: 1085 daAuts
     D:8: 1049 daAuts
     D:2: 1011 daAuts
     D:3: 942 daAuts
  Temple: 369 daAuts
    D:10: 304 daAuts
